 Dungeon Crawl Stone Soup version 0.31-a0-618-g7ca08c1ff9 (webtiles) character file.

Game seed: 16951815466491594244

541 spiderkeys the Magician (level 7, -1/36 HPs)
             Began as a Deep Elf Earth Elementalist on Aug 22, 2023.
             Slain by a gnoll
             ... wielding a +0 flail
             ... led by a gnoll bouda
              (8 damage)
             ... on level 5 of the Dungeon.
             The game lasted 00:04:54 (3755 turns).

spiderkeys the Magician (DEEE)                      Turns: 3755, Time: 00:04:54

Health: -1/36      AC:  8    Str:  5    XL:     7   Next: 5%
Magic:  13/18      EV: 12    Int: 22    God:
Gold:   152        SH:  0    Dex: 21    Spells: 14/18 levels left

rFire   . . .        s - +3 spear (heavy)
rCold   + + .        (no shield)
rNeg    . . .        c - +2 leather armour {rC+}
rPois   .            (no helmet)
rElec   .            (no cloak)
rCorr   .            u - +0 pair of gloves
SInv    .            k - +1 pair of boots
Will    .....        (no amulet)
Stlth   ++           D - +6 ring of dexterity
HPRegen 0.26/turn    C - ring of protection from cold
MPRegen 0.16/turn

%: no passive effects
@: no status effects
A: no striking features
a: no special abilities


You were on level 5 of the Dungeon.
You visited 1 branch of the dungeon, and saw 5 of its levels.

You collected 152 gold pieces.


   Skills:
 - Level 2.4 Dodging
 - Level 2.4 Stealth
 + Level 6.1 Spellcasting
 * Level 4.1 Conjurations
 - Level 2.2 Transmutations
 + Level 5.8 Earth Magic


You had 14 spell levels left.
You knew the following spells:

 Your Spells              Type           Power      Damage    Failure   Level
a - Stone Arrow           Conj/Erth      56%        3d10      6%          3
s - Sandblast             Erth           64%        2d14      1%          1

Your spell library contained the following spells:

 Spells                   Type           Power      Damage    Failure   Level
 Passwall                 Tmut/Erth      20%        N/A       4%          2
 Momentum Strike          Conj/Tloc      30%        3d8       10%         2
 Blink                    Tloc           12%        N/A       22%         2
 Lesser Beckoning         Tloc           12%        N/A       22%         2
 Petrify                  Tmut/Erth      24%        N/A       28%         4
 Lee's Rapid Deconstruct  Erth           16%        3d10*     36%         5
 Animate Armour           Summ/Erth      38%        N/A       41%         4
 Summon Lightning Spire   Summ/Air       6%         N/A       83%         4

Inventory:

Hand Weapons
 s - a +3 heavy spear (weapon)
   (You took it off a gnoll on level 4 of the Dungeon)
Missiles
 d - 33 stones
 j - 6 curare-tipped darts {=f}
 m - 10 boomerangs
 o - 8 poisoned darts
Armour
 a - a +0 robe
 c - a +2 leather armour of cold resistance (worn)
   (You found it on level 1 of the Dungeon)
 k - a +1 pair of boots (worn)
   (You found it on level 2 of the Dungeon)
 u - a +0 pair of gloves (worn)
   (You found it on level 4 of the Dungeon)
Magical Staves
 t - a staff of poison {!a}
   (You found it on level 4 of the Dungeon)
Jewellery
 C - a ring of protection from cold (right hand)
   (You found it on level 3 of the Dungeon)
 D - a +6 ring of dexterity (left hand)
   (You found it on level 1 of the Dungeon)
Scrolls
 h - 2 scrolls of teleportation {@r4}
 l - a scroll of silence {!r}
Potions
 b - 2 potions of magic
 e - 2 potions of ambrosia
 f - 2 potions of lignification {!q}
 g - 2 potions of heal wounds {@q2}
 i - a potion of might {unknown}
 p - a potion of haste {unknown}
 q - a potion of curing {unknown}
 r - 2 potions of berserk rage {unknown}
 w - a potion of attraction {unknown}
 x - a potion of invisibility {unknown}

Dungeon Overview and Level Annotations

Branches:
Dungeon (5/15) Zot: 26182
 Temple: D:4-7

Altars:
Ashenzari

Annotations:
D:2 Sigmund

..... ##. ......
...... #........
#..... ##.<...?. .
##....# ...#...##
.. #.#....
..)....#.. #......
#......... .......
#gg...# #....
#@...### ##....
##.....######.....
###.......##...##..
#...............##.
##............#....
#.(..........#....
##................
##......#........
###....#........


You could see a gnoll bouda and a gnoll (swift).


Message History

😮 HP[-13] MP[-1]
You take 13 damage, and now have 19/32 hp.
MASSIVE DAMAGE!! (PAUSE)
You lost 1 mp, and now have 15/16 mp.
You are too injured to fight recklessly!
You are too injured to fight recklessly!
Casting: Sandblast (safe; 1% risk of failure)
Confirm with . or Enter, or press ? or * to list all spells.
Aiming: Sandblast (safe; 1% risk of failure)
Press: ? - help, Shift-Dir - straight line, f/p - ogre
Aim: an ogre, wielding a +0 giant club (severely wounded, 92% to hit)
The blast of sand hits the ogre!
You kill the ogre!
The ogre shouts! 😮 MP[-1]
You lost 1 mp, and now have 14/16 mp.
Casting: Sandblast (safe; 1% risk of failure)
Confirm with . or Enter, or press ? or * to list all spells.
Aiming: Sandblast (safe; 1% risk of failure)
Press: ? - help, Shift-Dir - straight line, f - ogre
Aim: an ogre, wielding a +0 giant club (92% to hit)
The blast of sand hits the ogre! 😮 HP[+1] MP[-1]
You lost 1 mp, and now have 13/16 mp.
Casting: Sandblast (safe; 1% risk of failure)
Confirm with . or Enter, or press ? or * to list all spells.
Aiming: Sandblast (safe; 1% risk of failure)
Press: ? - help, Shift-Dir - straight line, f/p - ogre
Aim: an ogre, wielding a +0 giant club (moderately wounded, 92% to hit)
The blast of sand hits the ogre!
Casting: Sandblast (safe; 1% risk of failure)
Confirm with . or Enter, or press ? or * to list all spells.
Aiming: Sandblast (safe; 1% risk of failure)
Press: ? - help, Shift-Dir - straight line, f/p - ogre
Aim: an ogre, wielding a +0 giant club (severely wounded, 92% to hit)
The blast of sand hits the ogre!
You kill the ogre!
Your Spellcasting skill increases to level 6!
Your Conjurations skill increases to level 4!
You have reached level 7! 😮 HP[+3] MP[-1]
You now have 36 max hp (+4).
You regained 3 hp, and now have 23/36 hp.
Key pressed, stopping explore.
d - 33 stones (gained 4)
Found a stone staircase leading down.
You now have 152 gold pieces (gained 7).
You pick up a book of Iron and begin reading...
You add the spells Summon Lightning Spire, Animate Armour and Lee's Rapid Deconstruction to your library. 😎 HP[+13] MP[+6]
Your hp is fully restored (36).
Your mp is fully restored (18).
m - 10 boomerangs (gained 4)
You see here 3 large rocks {=f}.
A gnoll bouda and a gnoll come into view.
Found a scroll of identify.
Found a stone staircase leading up.
There are monsters nearby!
You can't see any susceptible monsters within range! (Use Z to cast anyway.)
The gnoll shouts!
You hear a shout!
The gnoll bouda barks out a call to the hunt!
The gnoll picks up the pace!
A gnoll comes into view. It is wielding a +0 club.
The blast of sand hits the gnoll!
You kill the gnoll!
The gnoll shouts!
A gnoll comes into view. It is wielding a +0 flail. 😎 MP[-1]
You lost 1 mp, and now have 17/18 mp.
The blast of sand misses the gnoll.
The gnoll barely misses you. 😎 MP[-1]
You lost 1 mp, and now have 16/18 mp.
The blast of sand hits the gnoll!!
You kill the gnoll!
The gnoll hits you but does no damage. 😎 MP[-1]
You lost 1 mp, and now have 15/18 mp.
The blast of sand hits the gnoll bouda.
The gnoll hits you but does no damage.
The gnoll bouda hits you with a +0 club.
The gnoll completely misses you. 😕 HP[-5]
You take 5 damage, and now have 31/36 hp.
The blast of sand misses the gnoll bouda.
The gnoll bouda hits you with a +0 club.
The gnoll hits you with a +0 flail!
* * * LOW HITPOINT WARNING * * *
The gnoll bouda hits you with a +0 club.
* * * LOW HITPOINT WARNING * * *
😨 HP[-17] MP[-1]
You take 17 damage, and now have 14/36 hp.
MASSIVE DAMAGE!! (PAUSE)
You lost 1 mp, and now have 14/18 mp.
Casting: Sandblast (safe; 1% risk of failure)
Confirm with . or Enter, or press ? or * to list all spells.
Aiming: Sandblast (safe; 1% risk of failure)
Press: ? - help, Shift-Dir - straight line, f/p - gnoll bouda
Aim: a gnoll bouda, wielding a +0 club and wearing a +0 robe (moderately wounded, 86% to hit)
The blast of sand hits the gnoll bouda.
The gnoll misses you.
The gnoll bouda hits you with a +0 club!
* * * LOW HITPOINT WARNING * * *
The gnoll hits you with a +0 flail!
You die...

Skill      XL: |  1  2  3  4  5  6 |
---------------+-------------------+-----
Transmutations | 2 |  2.2
Spellcasting   | 4 5 6 |  6.1
Earth Magic    | 4 5 |  5.8
Conjurations   | 2 4 |  4.1
Dodging        | |  2.4
Stealth        | |  2.4

Action                     |  1- 3 |  4- 6 |  7- 9 || total
---------------------------+-------+-------+-------++-------
  Melee: Unarmed           |     4 |       |       ||     4
         Spear             |       |     2 |       ||     2
   Cast: Sandblast         |    63 |    52 |     6 ||   121
    Use: Scroll            |     3 |     5 |       ||     8
   Stab: Sleeping          |     1 |       |       ||     1
 Armour: Leather armour    |    15 |     4 |     2 ||    21
  Dodge: Dodged            |    29 |    20 |     3 ||    52

Levels and vault maps discovered:
D:1:      minmay_arrival_four_loops, layout_basic, serial_curves,
          eino_curves_02, eino_curves_03
D:2:      layout_basic, nicolae_figureground_sparkle, uniq_sigmund
D:3:      layout_basic, uniq_robin
D:4:      layout_basic, mainiacjoe_overflow_boulevard
D:5:      layout_cave_pools, overflow_temple_1_default,
          chequers_temple_overflow_minitemple

Notes
Turn   | Place    | Note
-------+----------+-------------------------------------------
     0 | D:1      | spiderkeys the Deep Elf Earth Elementalist began the quest
                  | for the Orb.
     0 | D:1      | Reached XP level 1. HP: 10/10 MP: 6/6
     0 | D:1      | magus.rc [v1.11.6]
   216 | D:1      | Reached XP level 2. HP: 15/15 MP: 6/8
   553 | D:1      | Reached skill level 2 in Transmutations
   823 | D:1      | Reached XP level 3. HP: 19/19 MP: 8/10
  1368 | D:2      | You add the spells Blink, Momentum Strike and Lesser
                  | Beckoning to your library.
  1447 | D:2      | Reached skill level 4 in Spellcasting
  1476 | D:2      | Reached skill level 4 in Earth Magic
  1725 | D:2      | Noticed Sigmund
  1942 | D:3      | Noticed Robin
  1980 | D:2      | Killed Robin
  1980 | D:2      | HP: 3/19 [goblin/+0 club[Robin] (5)]
  2052 | D:3      | Reached XP level 4. HP: 22/24 MP: 10/12
  2890 | D:4      | Found a broken altar of Ashenzari.
  2939 | D:4      | Reached skill level 5 in Earth Magic
  2939 | D:4      | Reached XP level 5. HP: 25/28 MP: 11/14
  2944 | D:4      | Learned a level 3 spell: Stone Arrow
  3066 | D:4      | Reached skill level 5 in Spellcasting
  3066 | D:4      | Reached skill level 1 in Conjurations
  3502 | D:5      | Entered Level 5 of the Dungeon
  3502 | D:5      | Noticed a water moccasin
  3505 | D:5      | Killed a water moccasin
  3506 | D:5      | Reached skill level 2 in Conjurations
  3506 | D:5      | Reached XP level 6. HP: 32/32 MP: 11/16
  3637 | D:5      | Reached skill level 3 in Conjurations
  3663 | D:5      | Reached skill level 6 in Spellcasting
  3663 | D:5      | Reached skill level 4 in Conjurations
  3663 | D:5      | Reached XP level 7. HP: 23/36 MP: 12/18
  3736 | D:5      | You add the spells Summon Lightning Spire, Animate Armour
                  | and Lee's Rapid Deconstruction to your library.
  3755 | D:5      | HP: 7/36 [gnoll bouda/+0 club (7)]
  3755 | D:5      | Slain by a gnoll

Vanquished Creatures
  A water moccasin (D:5)
  2 ogres (D:5)
  2 hounds (D:4)
  An iguana (D:5)
  Robin (D:2)
  5 gnolls
  3 adders
  2 worms
  2 dart slugs
  4 orcs
  4 ball pythons
  10 bats
  8 endoplasms
  4 giant cockroaches
  14 goblins
  5 hobgoblins
  2 quokkas (D:1)
  7 frilled lizards
  7 kobolds
  4 rats
88 creatures vanquished.

Table legend:
 A = Non-vault XP
 B = Vault XP
 C = Vault XP percentage of total XP
 D = Non-vault monster count
 E = Vault monster count
 F = Vault count percentage of total count
                 A         B        C        D         E       F
            +---------+---------+-------+---------+---------+-------
      Total |     743 |      30 |   3.9 |      79 |       9 |  10.2
            +---------+---------+-------+---------+---------+-------
        D:1 |      51 |       0 |   0.0 |      30 |       0 |   0.0
        D:2 |      18 |      18 |  50.0 |      13 |       3 |  18.8
        D:3 |      36 |      12 |  25.0 |      13 |       6 |  31.6
        D:4 |     177 |       0 |   0.0 |      15 |       0 |   0.0
        D:5 |     461 |       0 |   0.0 |       8 |       0 |   0.0
            +---------+---------+-------+---------+---------+-------

Skill      XL: |  1  2  3  4  5  6 |
---------------+-------------------+-----
Transmutations | 2 |  2.2
Spellcasting   | 4 5 6 |  6.1
Earth Magic    | 4 5 |  5.8
Conjurations   | 2 4 |  4.1
Dodging        | |  2.4
Stealth        | |  2.4

Action                     |  1- 3 |  4- 6 |  7- 9 || total
---------------------------+-------+-------+-------++-------
  Melee: Unarmed           |     4 |       |       ||     4
         Spear             |       |     2 |       ||     2
   Cast: Sandblast         |    63 |    52 |     6 ||   121
    Use: Scroll            |     3 |     5 |       ||     8
   Stab: Sleeping          |     1 |       |       ||     1
 Armour: Leather armour    |    15 |     4 |     2 ||    21
  Dodge: Dodged            |    29 |    20 |     3 ||    52

Illustrated notes

Table legend:
 A = Kills in this place as a percentage of kills in the entire game.
 B = Kills by you in this place as a percentage of kills by you in the entire game.
 C = Kills by friends in this place as a percentage of kills by friends in the entire game.
 D = Other kills in this place as a percentage of other kills in the entire game.
 E = Experience gained in this place as a percentage of experience gained in the entire game.
 F = Experience gained in this place divided by the number of levels of this place that you have seen.
                   A       B       C       D       E      F
               +-------+-------+-------+-------+-------+----------------------
         Total | 100.0 | 100.0 |   N/A |   N/A | 100.0 | 154.6
       Dungeon | 100.0 | 100.0 |   N/A |   N/A | 100.0 | 154.6
               +-------+-------+-------+-------+-------+----------------------

Table legend: (Time is in decaauts)
 A = Elapsed time spent in this place.
 B = Non-inter-level travel time spent in this place.
 C = Inter-level travel time spent in this place.
 D = Time resting spent in this place.
 E = Time spent auto-exploring this place.
 F = Levels seen in this place.
 G = Mean time per level.
                   A        B        C        D        E       F      G
               +--------+--------+--------+--------+--------+-----+--------+
         Total |   3815 |   3738 |     77 |     90 |   3180 |   5 |  763.0 |
       Dungeon |   3815 |   3738 |     77 |     90 |   3180 |   5 |  763.0 |
               +--------+--------+--------+--------+--------+-----+--------+

Top non-repeatable levels by time:
     D:1: 1054 daAuts
     D:2: 1008 daAuts
     D:4: 751 daAuts
     D:3: 738 daAuts
     D:5: 263 daAuts
